PIO (24 & UNDER)
JASPER COUGARS @ COLORADO COMMANDERS
04/02/2030
 
TOP OF THE 1ST
Jasper Cougars batting - Pitching for Colorado Commanders : RHP Matt McGrath
Pitching: RHP Matt McGrath
Batting: RHB Júlio González 0-0: Ball
1-0: Foul Ball, location: 2F
1-1: Ball
2-1: Foul Ball, location: 2F
2-2: Strikes out swinging
Batting: RHB Félix Sandoval 0-0: Called Strike
0-1: DOUBLE (Line Drive, 7LD)
Batting: LHB Iván Soriano 0-0: Called Strike
0-1: Foul Ball, location: 2F
0-2: Strikes out looking
Batting: LHB Luis García 0-0: Called Strike
0-1: Ball
1-1: SINGLE (Groundball, 34D)
Félix Sandoval to third
Runner from 3rd tries for Home, SAFE, no throw
Batting: RHB Ben Wilson 0-0: Ball
1-0: Foul Ball, location: 2F
1-1: Foul Ball, location: 2F
1-2: Ball
2-2: Strikes out swinging
Top of the 1st over - 1 run, 2 hits, 0 errors, 1 left on base; Jasper 1 - Colorado 0
BOTTOM OF THE 1ST
Colorado Commanders batting - Pitching for Jasper Cougars : RHP Juan Ortíz
Pitching: RHP Juan Ortíz
Batting: LHB Abraham Horton 0-0: Ball
1-0: SINGLE (Groundball, 34D)
Batting: LHB Francisco Ríos 0-0: Swinging Strike
0-1: Fielders Choice at 2nd, 4-6 (Groundball, 4)
Batting: RHB Lawrence Ware 0-0: Called Strike
Francisco Ríos steals 2nd base
0-1: Foul Ball, location: 2F
0-2: Ball
1-2: Fly out, F9 (Flyball, 9S)
Batting: RHB Henry Cahill 0-0: Ball
1-0: Called Strike
1-1: Ball
2-1: SINGLE (Flyball, 9LS)
Francisco Ríos to third
Runner from 3rd tries for Home, SAFE, no throw
Batting: LHB Roberto Herrera 0-0: SINGLE (Groundball, 56D)
Henry Cahill to second
Batting: RHB Félix Campos 0-0: Ball
1-0: Ball
2-0: Fly out, F8 (Line Drive, 8RM)
Bottom of the 1st over - 1 run, 3 hits, 0 errors, 2 left on base; Jasper 1 - Colorado 1
TOP OF THE 2ND
Jasper Cougars batting - Pitching for Colorado Commanders : RHP Matt McGrath
Batting: SHB Jerry Young 0-0: Called Strike
0-1: Foul Ball, location: 2F
0-2: Foul Ball, location: 2F
0-2: Strikes out swinging
Batting: RHB Brent Allen 0-0: Ball
1-0: Ball
2-0: Reached via error on a dropped throw, E1
Batting: RHB Alberto Morín 0-0: Called Strike
0-1: Foul Ball, location: 2F
0-2: Foul Ball, location: 2F
0-2: Strikes out swinging
Batting: RHB Alberto Castillo 0-0: Called Strike
0-1: Swinging Strike
0-2: Foul Ball, location: 2F
0-2: Strikes out looking
Top of the 2nd over - 0 runs, 0 hits, 1 error, 1 left on base; Jasper 1 - Colorado 1
BOTTOM OF THE 2ND
Colorado Commanders batting - Pitching for Jasper Cougars : RHP Juan Ortíz
Batting: RHB Joe Roberts 0-0: Bunt for hit - play at first, batter OUT! 1-3
Batting: RHB Júlio Ramos 0-0: Ball
1-0: Ball
2-0: Called Strike
2-1: Fly out, F8 (Flyball, 78M)
Batting: RHB Bobby Miles 0-0: Ball
1-0: Ball
2-0: SINGLE (Flyball, 78S)
Batting: LHB Abraham Horton 0-0: Swinging Strike
0-1: Ball
1-1: Ball
2-1: Ball
3-1: Foul Ball, location: 2F
3-2: Strikes out looking
Bottom of the 2nd over - 0 runs, 1 hit, 0 errors, 1 left on base; Jasper 1 - Colorado 1
TOP OF THE 3RD
Jasper Cougars batting - Pitching for Colorado Commanders : RHP Matt McGrath
Batting: RHB Júlio González 0-0: Swinging Strike
0-1: Fly out, F9 (Flyball, 9LS)
Batting: RHB Félix Sandoval 0-0: Ball
1-0: Fly out, F8 (Flyball, 8LD)
Batting: LHB Iván Soriano 0-0: Swinging Strike
0-1: Foul Ball, location: 2F
0-2: Ball
1-2: Foul Ball, location: 2F
1-2: Fly out, F6 (Popup, 6S)
Top of the 3rd over - 0 runs, 0 hits, 0 errors, 0 left on base; Jasper 1 - Colorado 1
BOTTOM OF THE 3RD
Colorado Commanders batting - Pitching for Jasper Cougars : RHP Juan Ortíz
Batting: LHB Francisco Ríos 0-0: DOUBLE (Line Drive, 78M)
Batting: RHB Lawrence Ware 0-0: Swinging Strike
0-1: Single, Error in OF, E8, batter to second base
Francisco Ríos scores
Batting: RHB Henry Cahill 0-0: Ball
1-0: Swinging Strike
1-1: Foul Ball, location: 2F
1-2: Ball
2-2: Ball
3-2: Strikes out looking
Batting: LHB Roberto Herrera 0-0: Ball
1-0: Called Strike
1-1: Ball
2-1: Ball
3-1: Base on Balls
Batting: RHB Félix Campos 0-0: Called Strike
0-1: Fly out, F4 (Popup, 23)
Batting: RHB Joe Roberts 0-0: Ball
1-0: Foul Ball, location: 2F
1-1: Ball
2-1: Swinging Strike
2-2: Foul Ball, location: 2F
2-2: Foul Ball, location: 2F
2-2: Ball
3-2: Strikes out looking
Bottom of the 3rd over - 1 run, 2 hits, 1 error, 2 left on base; Jasper 1 - Colorado 2
TOP OF THE 4TH
Jasper Cougars batting - Pitching for Colorado Commanders : RHP Matt McGrath
Batting: LHB Luis García 0-0: Ball
1-0: Called Strike
1-1: Ball
2-1: Fly out, F8 (Flyball, 8RD)
Batting: RHB Ben Wilson 0-0: Ball
1-0: Swinging Strike
1-1: Swinging Strike
1-2: Reached on error, E5 (Groundball, 56)
Batting: SHB Jerry Young 0-0: SINGLE (Groundball, 3) (infield hit)
Ben Wilson to second
Batting: RHB Brent Allen 0-0: Ball
1-0: Ball
2-0: Called Strike
2-1: SINGLE (Line Drive, 8LS)
Ben Wilson to third
Jerry Young to second
Runner from 3rd tries for Home, SAFE, no throw
Batting: RHB Alberto Morín 0-0: Called Strike
Jerry Young steals 3rd base
Brent Allen to second
0-1: Called Strike
0-2: Ball
1-2: DOUBLE (Line Drive, 9LM)
Jerry Young scores
Brent Allen scores
Batting: RHB Alberto Castillo 0-0: Reached on error, E4 (Groundball, 4)
Alberto Morín to third
Batting: RHB Júlio González 0-0: Fly out, F8 (Flyball, 8RM)
Runner from 3rd tags up, SCORES, throw made
Batting: RHB Félix Sandoval 0-0: Fly out, F9 (Flyball, 9LSF)
Top of the 4th over - 4 runs, 3 hits, 2 errors, 1 left on base; Jasper 5 - Colorado 2
BOTTOM OF THE 4TH
Colorado Commanders batting - Pitching for Jasper Cougars : RHP Juan Ortíz
Batting: RHB Júlio Ramos 0-0: Ball
1-0: Called Strike
1-1: Ground out 6-3 (Groundball, 6)
Batting: RHB Bobby Miles 0-0: Ball
1-0: Called Strike
1-1: Ball
2-1: Ball
3-1: Foul Ball, location: 2F
3-2: Base on Balls
Batting: LHB Abraham Horton 0-0: Ball
1-0: Fly out, F8 (Flyball, 8LS)
Batting: LHB Francisco Ríos 0-0: Ball
1-0: Ball
2-0: Ball
3-0: Base on Balls
Bobby Miles to second
Batting: RHB Lawrence Ware 0-0: Called Strike
0-1: SINGLE (Flyball, 34D)
Bobby Miles to third
Francisco Ríos to second
Runner from 3rd tries for Home, throw and OUT!
Bottom of the 4th over - 0 runs, 1 hit, 0 errors, 2 left on base; Jasper 5 - Colorado 2
TOP OF THE 5TH
Jasper Cougars batting - Pitching for Colorado Commanders : RHP Matt McGrath
Batting: LHB Iván Soriano 0-0: Called Strike
0-1: Ball
1-1: Called Strike
1-2: DOUBLE (Line Drive, 78D)
Batting: LHB Luis García 0-0: Called Strike
0-1: Ball
1-1: Ground out 4-3 (Groundball, 4)
Iván Soriano to third
Batting: RHB Ben Wilson 0-0: Intentional Walk
Batting: SHB Jerry Young 0-0: Called Strike
0-1: Called Strike
0-2: Ball
Pickoff Throw by Catcher to First - Error! E2
Iván Soriano scores
Ben Wilson to second
1-2: Ball
2-2: Ball
3-2: Foul Ball, location: 2F
3-2: Fly out, F7 (Line Drive, 7D)
Batting: RHB Brent Allen 0-0: Intentional Walk
Pitching: RHP Mike Schmidt
Batting: RHB Alberto Morín 0-0: Ball
1-0: Ball
2-0: Fly out, F4 (Popup, 4)
Top of the 5th over - 1 run, 1 hit, 1 error, 2 left on base; Jasper 6 - Colorado 2
BOTTOM OF THE 5TH
Colorado Commanders batting - Pitching for Jasper Cougars : RHP Juan Ortíz
Batting: RHB Henry Cahill 0-0: Ball
1-0: Fly out, F8 (Flyball, 8RM)
Batting: LHB Roberto Herrera 0-0: Ball
1-0: Ball
2-0: Ground out U3 (Groundball, 34)
Batting: RHB Félix Campos 0-0: Ball
1-0: Called Strike
1-1: Called Strike
1-2: Foul Ball, location: 2F
1-2: Ball
2-2: Ball
3-2: Foul Ball, location: 2F
3-2: Foul Ball, location: 2F
3-2: Fly out, F3 (Popup, 23F)
Bottom of the 5th over - 0 runs, 0 hits, 0 errors, 0 left on base; Jasper 6 - Colorado 2
TOP OF THE 6TH
Jasper Cougars batting - Pitching for Colorado Commanders : RHP Mike Schmidt
Batting: RHB Alberto Castillo 0-0: Ground out 6-3 (Groundball, 6)
Batting: RHB Júlio González 0-0: Called Strike
0-1: Ball
1-1: Foul Ball, location: 2F
1-2: SINGLE (Groundball, 6MD)
Batting: RHB Félix Sandoval 0-0: SINGLE (Groundball, 4MS) (infield hit)
Júlio González to second
Batting: LHB Iván Soriano 0-0: Ball
1-0: Ball
2-0: Ball
3-0: Called Strike
3-1: Called Strike
3-2: Foul Ball, location: 2F
3-2: Ground out U3 (Groundball, 3L)
Júlio González to third
Félix Sandoval to second
Batting: LHB Luis García 0-0: Swinging Strike
0-1: Ball
1-1: Foul Ball, location: 2F
1-2: Strikes out swinging
Top of the 6th over - 0 runs, 2 hits, 0 errors, 2 left on base; Jasper 6 - Colorado 2
BOTTOM OF THE 6TH
Colorado Commanders batting - Pitching for Jasper Cougars : RHP Juan Ortíz
Batting: RHB Joe Roberts 0-0: Ground out 4-3 (Groundball, 4)
Batting: RHB Júlio Ramos 0-0: Fly out, F8 (Flyball, 8LD)
Batting: RHB Bobby Miles 0-0: Called Strike
0-1: Ground out 1-3 (Groundball, 13)
Bottom of the 6th over - 0 runs, 0 hits, 0 errors, 0 left on base; Jasper 6 - Colorado 2
TOP OF THE 7TH
Jasper Cougars batting - Pitching for Colorado Commanders : RHP Mike Schmidt
Batting: RHB Ben Wilson 0-0: Called Strike
0-1: Ball
1-1: Fly out, F9 (Flyball, 89D)
Batting: SHB Jerry Young 0-0: DOUBLE (Flyball, 8LXD)
Batting: RHB Brent Allen 0-0: Intentional Walk
Batting: RHB Alberto Morín 0-0: Foul Ball, location: 2F
0-1: Ball
1-1: Grounds into double play, 4-6-3 (Groundball, 4)
Top of the 7th over - 0 runs, 1 hit, 0 errors, 1 left on base; Jasper 6 - Colorado 2
BOTTOM OF THE 7TH
Colorado Commanders batting - Pitching for Jasper Cougars : RHP Juan Ortíz
Batting: LHB Abraham Horton 0-0: Ball
1-0: Called Strike
1-1: Foul Ball, location: 2F
1-2: Ball
2-2: Ball
3-2: Fly out, F6 (Flyball, 56D)
Batting: LHB Francisco Ríos 0-0: Called Strike
0-1: Ball
1-1: Ball
2-1: SINGLE (Groundball, 34D)
Batting: RHB Lawrence Ware 0-0: Ball
1-0: Foul Ball, location: 2F
1-1: Foul Ball, location: 2F
1-2: Fly out, F8 (Flyball, 8LS)
Batting: RHB Henry Cahill Pickoff Throw to First - Out!
Bottom of the 7th over - 0 runs, 1 hit, 0 errors, 0 left on base; Jasper 6 - Colorado 2
TOP OF THE 8TH
Jasper Cougars batting - Pitching for Colorado Commanders : RHP Mike Schmidt
Batting: RHB Alberto Castillo 0-0: Called Strike
0-1: Foul Ball, location: 2F
0-2: Ball
1-2: Ball
2-2: Strikes out swinging
Batting: RHB Júlio González 0-0: Ball
1-0: Ball
2-0: Swinging Strike
2-1: Ball
3-1: Called Strike
3-2: Strikes out looking
Batting: RHB Félix Sandoval 0-0: Called Strike
0-1: Swinging Strike
0-2: Strikes out swinging
Top of the 8th over - 0 runs, 0 hits, 0 errors, 0 left on base; Jasper 6 - Colorado 2
BOTTOM OF THE 8TH
Colorado Commanders batting - Pitching for Jasper Cougars : RHP Juan Ortíz
Pitching: RHP Gilberto Cuevas
Batting: RHB Henry Cahill 0-0: Called Strike
0-1: Foul Ball, location: 2F
0-2: Ball
1-2: Foul Ball, location: 2F
1-2: Strikes out swinging
Batting: LHB Roberto Herrera 0-0: Ball
1-0: Ball
2-0: Swinging Strike
2-1: Called Strike
2-2: Foul Ball, location: 2F
2-2: Ball
3-2: Ground out 6-3 (Groundball, 6S)
Batting: RHB Félix Campos 0-0: SINGLE (Line Drive, 9S)
Batting: RHB Joe Roberts 0-0: Fielders Choice at 2nd, 6-4 (Groundball, 6D)
Bottom of the 8th over - 0 runs, 1 hit, 0 errors, 1 left on base; Jasper 6 - Colorado 2
TOP OF THE 9TH
Jasper Cougars batting - Pitching for Colorado Commanders : RHP Mike Schmidt
Batting: LHB Iván Soriano 0-0: Fly out, F8 (Line Drive, 8LM)
Batting: LHB Luis García 0-0: Called Strike
0-1: Foul Ball, location: 2F
0-2: Ball
1-2: Ball
2-2: SINGLE (Groundball, 56S) (infield hit)
Batting: RHB Ben Wilson 0-0: Foul Ball, location: 2F
0-1: Foul Ball, location: 2F
0-2: Ball
1-2: Strikes out swinging
Batting: SHB Jerry Young 0-0: Ball
1-0: Ball
2-0: Foul Ball, location: 2F
Balk!
Luis García to second
2-1: Ball
3-1: DOUBLE (Line Drive, 9LM)
Luis García scores
Batting: RHB Brent Allen 0-0: Intentional Walk
Batting: RHB Alberto Morín 0-0: Foul Ball, location: 2F
0-1: Ball
1-1: Swinging Strike
1-2: Strikes out swinging
Top of the 9th over - 1 run, 2 hits, 0 errors, 2 left on base; Jasper 7 - Colorado 2
BOTTOM OF THE 9TH
Colorado Commanders batting - Pitching for Jasper Cougars : RHP Gilberto Cuevas
Batting: RHB Júlio Ramos 0-0: SINGLE (Flyball, 8RS)
Batting: RHB Bobby Miles 0-0: Ground out U3 (Groundball, 34S)
Júlio Ramos to second
Batting: LHB Abraham Horton 0-0: Called Strike
0-1: Ball
1-1: Ball
2-1: Ball
3-1: Called Strike
3-2: Fly out, F7 (Line Drive, 78M)
Batting: LHB Francisco Ríos 0-0: Ball
1-0: Ball
2-0: Foul Ball, location: 2F
2-1: Ball
3-1: Base on Balls
Batting: RHB Lawrence Ware 0-0: Ball
1-0: DOUBLE (Line Drive, 9LM)
Júlio Ramos scores
Francisco Ríos to third
Pitching: RHP Cipriano Román
Batting: RHB Henry Cahill 0-0: Ball
1-0: Ball
2-0: Ball
3-0: Base on Balls
Batting: LHB Roberto Herrera 0-0: Foul Ball, location: 2F
0-1: Called Strike
0-2: Ball
1-2: Fly out, F8 (Flyball, 8LS)
Bottom of the 9th over - 1 run, 2 hits, 0 errors, 3 left on base; Jasper 7 - Colorado 3
Saturday, April 7th, 2018 - OOTP Baseball 18.8 Build 76